cohdb
Replays
Latest Replays
All Replays
Popular Replays
Top Player Replays
Match Explorer
How It Works
Community
CoH3 Stats
Reddit
Sign in to upload your games and track your stats! →
Sign in with Steam
Match 44949969
Unlisted
Match 44949969
Overview
Messages
Build Orders
End
Construct Barracks
Selects Special Operations Battlegroup
Selects M29 Weasel Recon Vehicle
M29 Weasel Recon Vehicle
Riflemen Squad
Riflemen Squad
Riflemen Squad
Construct Weapon Support Center
Infantry Support Center
Grenade Package
M3 Armored Personnel Carrier
Selects Raiding Flares
Selects SSF Commando Squad
SSF Commando Squad
M1918 Browning Automatic Rifles
M1919 Machine Gun Team
Engineer Squad
Construct Tank Depot
M4A1 Sherman Medium Tank
SSF Commando Squad
Guru
Karl Müller
ManiacWong
magnum
0
0
Comments
sign in to comment!
No comments posted yet!